 Dungeon Crawl Stone Soup version 0.21.1-1-g345015f (webtiles) character file.

461 Fortress the Conjurer (level 6, 0/46 HPs)
             Began as a Draconian Conjurer on June 26, 2018.
             Killed from afar by an orc wizard (12 damage)
             ... with a puff of frost
             ... on level 4 of the Dungeon.
             The game lasted 00:17:45 (2924 turns).

Fortress the Conjurer (Draconian Conjurer)          Turns: 2924, Time: 00:17:49

Health: 0/46       AC:  7    Str: 11    XL:     6   Next: 79%
Magic:  1/12       EV: 13    Int: 17    God:
Gold:   136        SH:  0    Dex: 11    Spells: 7/13 levels left

rFire    . . .     SeeInvis .   j - +0 hand axe (venom)
rCold    . . .     Gourm    .   (no shield)
rNeg     . . .     Faith    .   (armour unavailable)
rPois    .         Spirit   .   (helmet restricted)
rElec    .         Reflect  .   (no cloak)
rCorr    .         Harm     .   q - +0 pair of gloves
MR       .....                  (no boots)
Stlth    ++........             (no amulet)
HPRegen  0.15/turn              (no ring)
MPRegen  0.13/turn              (no ring)

@: no status effects
A: unfitting armour, cold-blooded, AC +6
a: no special abilities


You were on level 4 of the Dungeon.
You were not hungry.

You visited 1 branch of the dungeon, and saw 4 of its levels.

You collected 136 gold pieces.

Inventory:

Hand Weapons
 h - a +0 dagger
 j - a +0 hand axe of venom (weapon)
Missiles
 r - 16 poisoned needles
Armour
 q - a +0 pair of gloves (worn)
Wands
 m - a wand of paralysis (16)
Scrolls
 e - 2 scrolls of amnesia
 f - a scroll of identify {unknown}
 g - a scroll of blinking {unknown}
 k - a scroll of fog {unknown}
 n - a scroll of remove curse {unknown}
 o - a scroll of enchant armour {unknown}
 p - a scroll of enchant weapon {unknown}
 v - a scroll of teleportation
Potions
 d - 2 potions of brilliance {unknown}
 i - a potion of magic {unknown}
 l - a potion of curing {unknown}
 s - a potion of agility {unknown}
 t - a potion of might {unknown}
 u - a potion of invisibility {unknown}
Books
 a - a book of Conjurations

   Spells                             Type                      Level
   a - Magic Dart                     Conjuration                  1
   b - Searing Ray                    Conjuration                  2
   c - Dazzling Spray                 Conjuration/Hexes            3
   d - Fulminant Prism                Conjuration/Hexes            4
   e - Force Lance                    Conjuration/Translocation    4
   f - Iskenderun's Mystic Blast      Conjuration                  4
Comestibles
 b - 2 rations


   Skills:
 - Level 0.5 Fighting
 + Level 2.9 Dodging
 - Level 2.0 Stealth
 - Level 0.3 Unarmed Combat
 + Level 4.1 Spellcasting
 + Level 5.8 Conjurations
 * Level 2.3 Evocations


You had 7 spell levels left.
You knew the following spells:

 Your Spells              Type           Power        Failure   Level  Hunger
a - Magic Dart            Conj           ###.         1%          1    None
b - Searing Ray           Conj           ###...       2%          2    ##.....
c - Dazzling Spray        Conj/Hex       ##....       14%         3    ###....


Dungeon Overview and Level Annotations

Branches:
Dungeon (4/15)
 Temple: D:4-7

Altars:
Dithmenos
Sif Muna


Innate Abilities, Weirdness & Mutations

Your plain brown scales are hard. (AC +6)
You cannot fit into any form of body armour.
You are cold-blooded and may be slowed by cold attacks.


Message History

Aiming: Magic Dart
Press: ? - help, Shift-Dir - straight line, f/p - orc wizard
Aim: an orc wizard, wielding a mace and wearing a robe The magic dart hits the orc wizard.
The orc wizard is moderately wounded.
An orc wizard comes into view. It is wielding a dagger.
You barely miss the orc wizard. The orc wizard completely misses you.
The orc wizard points at you and mumbles some strange words.
The puff of frost misses you. The orc wizard barely misses you.
Things that are here:
a short sword; a leather armour You hit the orc wizard.
The orc wizard is poisoned.
The orc wizard is moderately wounded.
The orc wizard points at you and mumbles some strange words.
The magic dart hits you!
* * * LOW HITPOINT WARNING * * *
The orc wizard gestures at you while chanting.
The puff of frost hits you!
You die...

.# .# .. .# .##) <# #
#.#. .# #. .o. .##
#..#####.. ..## #.#....!
#..# ##...##)# # ..#
##.## #.....).#.#..8#
....# ###.###..@o..._.+
#.#.####.†.###...(.#..8#
#.........###..#...## .#
####................#
.....).###.##.##.......
####.#># #.#..##....###
#...# #...###....# #####
#### ####.# .#


You could see 2 orc wizards.

Vanquished Creatures
  A water moccasin (D:4)
  Blork the orc (D:4)
  A scorpion (D:4)
  A hound (D:3)
  An orc wizard (D:4)
  Natasha (D:2)
  Terence (D:2)
  A worker ant (D:4)
  3 adders
  3 gnolls
  A worm (D:3)
  4 leopard geckos
  5 orcs (D:4)
  7 bats
  3 giant cockroaches
  4 goblins
  5 hobgoblins
  A quokka (D:3)
  2 ball pythons (D:1)
  4 frilled lizards
  3 kobolds (D:1)
  8 rats
61 creatures vanquished.

Notes
Turn   | Place    | Note
-------+----------+-------------------------------------------
     0 | D:1      | Fortress the Draconian Conjurer began the quest for the Orb.
     0 | D:1      | Reached XP level 1. HP: 14/14 MP: 3/3
   138 | D:1      | Reached XP level 2. HP: 3/20 MP: 0/5
   634 | D:2      | Noticed Terence
   643 | D:2      | Killed Terence
   643 | D:2      | Reached XP level 3. HP: 22/26 MP: 0/6
  1413 | D:2      | Found a shadowy altar of Dithmenos.
  1473 | D:2      | Reached XP level 4. HP: 34/34 MP: 6/8
  1842 | D:2      | Noticed Natasha
  1846 | D:2      | Killed Natasha
  1846 | D:2      | Reached skill level 5 in Conjurations
  2236 | D:3      | Learned a level 2 spell: Searing Ray
  2240 | D:3      | Learned a level 3 spell: Dazzling Spray
  2279 | D:3      | Reached XP level 5. HP: 38/39 MP: 0/9
  2354 | D:3      | Reached skill level 1 in Evocations
  2757 | D:4      | Noticed a water moccasin
  2769 | D:4      | Killed a water moccasin
  2769 | D:4      | Reached XP level 6. HP: 21/46 MP: 1/11
  2890 | D:4      | Found a deep blue altar of Sif Muna.
  2897 | D:4      | Noticed Blork the orc
  2908 | D:4      | Killed Blork the orc
  2924 | D:4      | Killed from afar by an orc wizard

Skill      XL: |  1  2  3  4  5  6 |
---------------+-------------------+-----
Dodging        | 2 |  2.9
Stealth        | 2 |  2.0
Conjurations   | 5 |  5.8
Spellcasting   | 3 4 |  4.1
Evocations     | 1 2 |  2.3
Fighting       | |  0.5
Unarmed Combat | |  0.3

Action                   |  1- 3 |  4- 6 || total
-------------------------+-------+-------++-------
Melee: Unarmed           |    12 |       ||    12
       Tailslap          |     4 |     1 ||     5
       Dagger            |     7 |       ||     7
       Hand axe          |    18 |    34 ||    52
       Punch             |       |     1 ||     1
 Cast: Magic Dart        |    53 |    76 ||   129
       Searing Ray       |       |     3 ||     3
  Use: Scroll            |       |     2 ||     2
 Stab: Sleeping          |     1 |       ||     1
  Eat: Chunk             |     2 |     2 ||     4
       Ration            |       |     1 ||     1
Armor: Skin              |    17 |    13 ||    30
Dodge: Dodged            |    31 |    42 ||    73
